 Dungeon Crawl Stone Soup version 0.29.1-12-g30fa7ad0bf (webtiles) character file.

Game seed: 2151347588203218678

2 hawla the Firebug (level 1, 0/14 HPs)
             Began as a Meteoran Fire Elementalist on Jan 10, 2023.
             Slain by an orc
             ... wielding a +0 dagger
              (3 damage)
             ... on level 2 of the Dungeon.
             The game lasted 00:00:42 (126 turns).

hawla the Firebug (Meteoran Fire Elementalist)       Turns: 126, Time: 00:00:43

Health: 0/14       AC:  3    Str:  9    XL:     1   Next: 42%
Magic:  4/5        EV: 12    Int: 16    God:
Gold:   7          SH:  0    Dex: 14    Spells: 4/5 levels left

rFire   . . .      SeeInvis +   (no weapon)
rCold   . . .      Faith    .   (no shield)
rNeg    . . .      Spirit   .   a - +1 robe
rPois   .          Reflect  .   (no helmet)
rElec   .          Harm     .   (no cloak)
rCorr   .          Rampage  .   (no gloves)
Will    .....                   (no boots)
Stlth   +.........              (no amulet)
HPRegen 0.04/turn               c - ring of see invisible
MPRegen 0.09/turn               (no ring)

@: glowing
A: sense surroundings 1, otherworldly, glowing, explore regen
a: no special abilities


You were on level 2 of the Dungeon.
You visited 1 branch of the dungeon, and saw 2 of its levels.

You collected 7 gold pieces.

Inventory:

Armour
 a - a +1 robe (worn)
Jewellery
 c - a ring of see invisible (left hand)
Potions
 b - a potion of magic
 e - a potion of curing {unknown}


   Skills:
 + Level 2.4 Dodging
 - Level 1.4 Stealth
 + Level 2.6 Spellcasting
 + Level 1.3 Conjurations
 + Level 3.7 Fire Magic


You had 4 spell levels left.
You knew the following spells:

 Your Spells              Type           Power      Damage    Failure   Level
a - Foxfire               Conj/Fire      40%        2x1d6     7%          1

Your spell library contained the following spells:

 Spells                   Type           Power      Damage    Failure   Level
 Scorch                   Fire           28%        2d6       6%          2
 Conjure Flame            Conj/Fire      10%        6-21      21%         3
 Inner Flame              Hex/Fire       8%         N/A       26%         3
 Flame Wave               Conj/Fire      10%        2d6       56%         4


Dungeon Overview and Level Annotations

Branches:
Dungeon (2/15) Zot: 1073

Altars:


Innate Abilities, Weirdness & Mutations

You passively map a small area around you.
You are easily found by Zot.
You glow in the dark.
You regain HP and MP as you explore.


Message History

Your magical contamination has completely faded away.
c - an amulet of guardian spirit Autopickup disabled for amulets of guardian spirit.
You drop an amulet of guardian spirit.
HP restored.
c - a ring of see invisible
Found a ring mail.
Found a ring mail.
c - a ring of see invisible (left hand)
d - a scroll labelled QIR TI XAKHLUST
Found an escape hatch in the floor.
Found a fuming clear potion.
Found 7 gold pieces.
There is an escape hatch in the floor here.
You now have 7 gold pieces.
e - a fuming clear potion
There is an escape hatch in the floor here.
You slide downwards.
The hatch slams shut behind you.
The orc shouts! x4; You hear a shout!
Found a ring mail.
Found a roughly hewn altar of Beogh.
As you read the scroll labelled QIR TI XAKHLUST, it crumbles to dust.
It is a scroll of enchant armour.
Your +0 robe glows green for a moment.
A goblin comes into view. It is wielding a +0 dagger.
The orc hits you with a +0 trident.
Casting: Foxfire (safe; 7% risk of failure)
Confirm with . or Enter, or press ? or * to list all spells.
You conjure some foxfire!
The bat closely misses you. The orc hits you with a +0 dagger.
A goblin comes into view. It is wielding a +0 dagger.
An orc comes into view. It is wielding a +0 flail.
The orc hits you with a +0 trident!
Ouch! That really hurt!
* * * LOW HITPOINT WARNING * * *
The orc shouts!
The foxfire hits the orc but does no damage.
The foxfire hits the orc.
The orc is lightly wounded.
The bat misses you. The orc hits you with a +0 dagger.
You die...

..g............
...............
*
..K............*
...............
,......⌠...... ,
,, ........# * ,
##§....##
,##...bo..## ,
#..o@o....#
#...........# ,
, #....#≈#....#
* +.... _≈.[..+
* *
#...o*≈#....#
#.... ......#
##... o. ..##
##.. ....##


You could see 5 orcs, a bat and a kobold.

Vanquished Creatures
  A hobgoblin (D:1)
  A frilled lizard (D:1)
2 creatures vanquished.

Vanquished Creatures (others)
  6 foxfires
6 creatures vanquished.

Grand Total: 8 creatures vanquished

Notes
Turn   | Place    | Note
-------+----------+-------------------------------------------
     0 | D:1      | hawla the Meteoran Fire Elementalist began the quest for
                  | the Orb.
     0 | D:1      | Reached XP level 1. HP: 14/14 MP: 5/5
   126 | D:2      | Slain by an orc

Illustrated notes

Levels and vault maps discovered:
D:1:      mainiacjoe_arrival_reflecting_pool, layout_basic
D:2:      layout_basic, hellmonk_ecumenical_altar_defaced_shrine, serial_shops,
          nicolae_shop_overgrown_old_shop, minmay_shallow_snake_nest

Action                   || total
-------------------------++-------
Melee: Unarmed           ||     2
 Cast: Foxfire           ||     4
  Use: Scroll            ||     1
Armor: Robe              ||     2
Dodge: Dodged            ||     4
